AoeStats
← DarkFace835823

Coastal Forest

510291635Analyzed
2v2 RM · 2d ago on Sep 30, 2026· 83m 16s· 4 players
Game mode
Random Map
Map size
Medium (4 player)
Population
200
Speed
Normal
Resources
Standard
Victory
Conquest
Starting age
Dark Age
Ending age
Imperial Age
RankedLock teamsTeams togetherTeam positionsShared explorationLock speedFull tech treeHidden civsTurbo modeCheats
Victory
Defeat
🇫🇷 Persians · France
752
+17
🇫🇷 Bengalis · France
728
+18
🇿🇦 Huns · South Africa
774
-18
🇦🇺 Spanish · Australia
762
-17
D4RKCR3T1
10:58 Feudal Age
12:48 Horse Collar
14:53 Double-Bit Axe
21:20 Castle Age
20:23 Scale Barding Armor
22:51 Heavy Plow
24:58 Forging
25:01 Bow Saw
25:20 Husbandry
30:02 Iron Casting
32:19 Stone Mining
32:49 Gold Mining
36:51 Imperial Age
35:50 Murder Holes
36:07 Masonry
37:50 Heavy Camel Rider
39:04 Conscription
38:45 Kamandaran
39:21 Citadels
41:21 Two-Man Saw
42:35 Crop Rotation
43:42 Chain Barding Armor
47:40 Blast Furnace
47:16 Plate Barding Armor
46:11 Elite War Elephant
48:39 Padded Archer Armor
51:01 Leather Archer Armor
50:36 Fletching
51:11 Ballistics
53:12 Thumb Ring
52:52 Crossbowman
56:42 Ring Archer Armor
56:07 Bodkin Arrow
58:49 Elite Skirmisher
71:16 Cavalier
72:27 Savar
DarkFace835823
10:47 Feudal Age
11:36 Double-Bit Axe
13:00 Horse Collar
14:16 Man-at-Arms
26:38 Arson
31:35 Castle Age
33:37 Heavy Plow
34:30 Bow Saw
38:36 Stone Mining
38:37 Gold Mining
41:08 Gold Shaft Mining
42:38 Caravan
46:46 Sanctity
46:47 Pikeman
48:07 Squires
47:52 Gambesons
48:32 Fervor
48:38 Devotion
48:50 Redemption
48:43 Atonement
51:57 Imperial Age
52:14 Halberdier
54:22 Faith
54:29 Illumination
54:40 Theocracy
54:21 Block Printing
54:01 Herbal Medicine
57:19 Elite Skirmisher
61:10 Padded Archer Armor
61:00 Fletching
73:14 Crop Rotation
73:00 Siege Elephant
76:15 Scale Barding Armor
76:05 Bodkin Arrow
76:21 Forging
76:27 Leather Archer Armor
79:20 Chain Barding Armor
79:04 Bracer
80:00 Paiks
Encara messi855
11:27 Feudal Age
14:02 Bloodlines
13:53 Loom
24:46 Castle Age
23:06 Double-Bit Axe
24:24 Scale Barding Armor
symon.mcare
9:43 Feudal Age
11:13 Double-Bit Axe
21:52 Castle Age
21:10 Stone Mining
21:03 Horse Collar
22:25 Forging
23:31 Bow Saw
25:09 Stone Shaft Mining
25:07 Bloodlines
28:20 Iron Casting
27:52 Scale Barding Armor
28:07 Gold Mining
32:50 Husbandry
33:47 Padded Archer Armor
34:08 Chain Barding Armor
35:03 Leather Archer Armor
39:04 Imperial Age
37:19 Heavy Plow
38:45 Wheelbarrow
40:30 Ring Archer Armor
40:24 Conscription
39:27 Elite Conquistador
41:27 Blast Furnace
41:15 Hand Cart
42:16 Theocracy
41:57 Block Printing
41:53 Fervor
42:04 Sanctity
42:49 Chemistry
43:40 Two-Man Saw
44:52 Ballistics
44:19 Cavalier
45:52 Illumination
49:00 Paladin
50:18 Plate Barding Armor
49:35 Fletching
69:55 Light Cavalry
73:31 Bodkin Arrow
73:26 Hussar
Connection lost

Rejoining the realm…

Still unreachable

The connection could not be restored.

Session expired

The server has moved on; the page needs a fresh start.